| TOP OF THE 1ST |
|
Clinton LumberKings batting - Pitching for Kannapolis Intimidators : LHP Yasuaki Yamada
|
|
Pitching: LHP Yasuaki Yamada
|
|
|
Batting: RHB Rick Ellis
|
0-0: Ball 1-0: Swinging Strike 1-1: Foul Ball, location: 2F 1-2: Foul Ball, location: 2F 1-2: Foul Ball, location: 2F 1-2: Foul Ball, location: 2F 1-2: Ball 2-2: Ball 3-2: Foul Ball, location: 2F 3-2: DOUBLE (Line Drive, 9LS, EV 102.5 MPH)
|
|
Batting: SHB Jose Castillo
|
0-0: Foul Ball, location: 2F 0-1: Ball 1-1: Ball 2-1: SINGLE (Groundball, 6S, EV 69.4 MPH) (infield hit) Rick Ellis to third
|
|
Batting: LHB Jason Hopkins
|
0-0: Called Strike 0-1: Fly out, F7 (Flyball, 7S, EV 78.8 MPH)
|
|
Batting: RHB Josh Ruhl
|
0-0: Ball 1-0: Called Strike 1-1: Ball Jose Castillo is caught stealing 2nd base 2-4 2-1: Swinging Strike 2-2: Ball 3-2: Strikes out looking
|
| Top of the 1st over - 0 runs, 2 hits, 0 errors, 1 left on base; Clinton 0 - Kannapolis 0 |
| BOTTOM OF THE 1ST |
|
Kannapolis Intimidators batting - Pitching for Clinton LumberKings : RHP Kevon Jamison
|
|
Pitching: RHP Kevon Jamison
|
|
|
Batting: LHB Alberto Carrasco
|
0-0: Called Strike 0-1: Called Strike 0-2: Ground out 4-3 (Groundball, 4M, EV 91.9 MPH)
|
|
Batting: RHB Mike Warzecha
|
0-0: Ball 1-0: Called Strike 1-1: Swinging Strike 1-2: Foul Ball, location: 2F 1-2: Ball 2-2: Foul Ball, location: 2F 2-2: Strikes out looking
|
|
Batting: LHB Dustin Taylor
|
0-0: Ball 1-0: Ball 2-0: Foul Ball, location: 2F 2-1: DOUBLE (Line Drive, 5D, EV 105.6 MPH)
|
|
Batting: LHB Angel Tellez
|
0-0: Ball 1-0: Ball Wild Pitch! Dustin Taylor to third 2-0: Ground out 4-3 (Groundball, 4, EV 92.5 MPH)
|
| Bottom of the 1st over - 0 runs, 1 hit, 0 errors, 1 left on base; Clinton 0 - Kannapolis 0 |
| TOP OF THE 2ND |
|
Clinton LumberKings batting - Pitching for Kannapolis Intimidators : LHP Yasuaki Yamada
|
|
Batting: RHB Joe Stading
|
0-0: Called Strike 0-1: Swinging Strike 0-2: Ball 1-2: Strikes out swinging
|
|
Batting: RHB Josh O'Neal
|
0-0: Ball 1-0: Ground out 4-3 (Groundball, 4S, EV 90.6 MPH)
|
|
Batting: RHB Josh Mauer
|
0-0: Called Strike 0-1: Fly out, F8 (Line Drive, 8RD, EV 90.6 MPH)
|
| Top of the 2nd over - 0 runs, 0 hits, 0 errors, 0 left on base; Clinton 0 - Kannapolis 0 |
| BOTTOM OF THE 2ND |
|
Kannapolis Intimidators batting - Pitching for Clinton LumberKings : RHP Kevon Jamison
|
|
Batting: RHB Jose Medina
|
0-0: Swinging Strike 0-1: Swinging Strike 0-2: Foul Ball, location: 2F 0-2: Strikes out swinging
|
|
Batting: RHB Mark Jones
|
0-0: Ground out 6-3 (Groundball, 6MS, EV 63.8 MPH)
|
|
Batting: RHB Danny Longoria
|
0-0: Ball 1-0: Called Strike 1-1: Ball 2-1: Ball 3-1: Base on Balls
|
|
Batting: RHB Ching-hsia Zhang
|
0-0: Called Strike 0-1: Ball 1-1: Ball Danny Longoria steals 2nd base 2-1: Foul Ball, location: 2F 2-2: Ball 3-2: Foul Ball, location: 2F 3-2: Foul Ball, location: 2F 3-2: Strikes out swinging
|
| Bottom of the 2nd over - 0 runs, 0 hits, 0 errors, 1 left on base; Clinton 0 - Kannapolis 0 |
| TOP OF THE 3RD |
|
Clinton LumberKings batting - Pitching for Kannapolis Intimidators : LHP Yasuaki Yamada
|
|
Batting: RHB Salvador Avina
|
0-0: Foul Ball, location: 2F 0-1: Called Strike 0-2: Foul Ball, location: 2F 0-2: Strikes out looking
|
|
Batting: SHB Victor Rijos
|
0-0: Swinging Strike 0-1: Ball 1-1: Foul Ball, location: 2F 1-2: Ball 2-2: Ground out 5-3 (Groundball, 56S, EV 64.4 MPH)
|
|
Batting: RHB Rick Ellis
|
0-0: SINGLE (Line Drive, 9LS, EV 93.1 MPH)
|
|
Batting: SHB Jose Castillo
|
0-0: Ball Pickoff Throw to First - Out! 1-3
|
| Top of the 3rd over - 0 runs, 1 hit, 0 errors, 0 left on base; Clinton 0 - Kannapolis 0 |
| BOTTOM OF THE 3RD |
|
Kannapolis Intimidators batting - Pitching for Clinton LumberKings : RHP Kevon Jamison
|
|
Batting: RHB Tyrell Camp
|
0-0: Ball 1-0: Called Strike 1-1: Swinging Strike 1-2: Ball 2-2: Strikes out swinging
|
|
Batting: LHB Alberto Carrasco
|
0-0: Ground out 4-3 (Groundball, 4, EV 93.1 MPH)
|
|
Batting: RHB Mike Warzecha
|
0-0: Ball 1-0: Called Strike 1-1: Ground out 5-3 (Groundball, 56S, EV 84.4 MPH)
|
| Bottom of the 3rd over - 0 runs, 0 hits, 0 errors, 0 left on base; Clinton 0 - Kannapolis 0 |
| TOP OF THE 4TH |
|
Clinton LumberKings batting - Pitching for Kannapolis Intimidators : LHP Yasuaki Yamada
|
|
Batting: SHB Jose Castillo
|
0-0: Ball 1-0: Called Strike 1-1: Ball 2-1: Ball 3-1: Ground out 5-3 (Groundball, 25, EV 73.1 MPH)
|
|
Batting: LHB Jason Hopkins
|
0-0: Called Strike 0-1: Foul Ball, location: 2F 0-2: SINGLE (Groundball, 4MD, EV 97.5 MPH)
|
|
Batting: RHB Josh Ruhl
|
0-0: Called Strike 0-1: Ball 1-1: Foul Ball, location: 2F 1-2: Strikes out looking
|
|
Batting: RHB Joe Stading
|
0-0: Ball 1-0: Foul Ball, location: 2F 1-1: Ground out U3 (Groundball, 34, EV 92.5 MPH)
|
| Top of the 4th over - 0 runs, 1 hit, 0 errors, 1 left on base; Clinton 0 - Kannapolis 0 |
| BOTTOM OF THE 4TH |
|
Kannapolis Intimidators batting - Pitching for Clinton LumberKings : RHP Kevon Jamison
|
|
Batting: LHB Dustin Taylor
|
0-0: Ball 1-0: Foul Ball, location: 2F 1-1: Ball 2-1: Foul Ball, location: 2F 2-2: Fly out, F7 (Flyball, 7LS, EV 87.5 MPH)
|
|
Batting: LHB Angel Tellez
|
0-0: Ball 1-0: Ball 2-0: Foul Ball, location: 2F 2-1: Ground out 4-3 (Groundball, 4, EV 89.4 MPH)
|
|
Batting: RHB Jose Medina
|
0-0: Ball 1-0: Fly out, F9 (Flyball, 9S, EV 96.9 MPH)
|
| Bottom of the 4th over - 0 runs, 0 hits, 0 errors, 0 left on base; Clinton 0 - Kannapolis 0 |
| TOP OF THE 5TH |
|
Clinton LumberKings batting - Pitching for Kannapolis Intimidators : LHP Yasuaki Yamada
|
|
Batting: RHB Josh O'Neal
|
0-0: Swinging Strike 0-1: Ball 1-1: Called Strike 1-2: Ground out 6-3 (Groundball, 6, EV 108.8 MPH)
|
|
Batting: RHB Josh Mauer
|
0-0: Called Strike 0-1: Swinging Strike 0-2: Ball 1-2: Foul Ball, location: 2F 1-2: Foul Ball, location: 2F 1-2: Ground out 6-3 (Groundball, 6M, EV 110.0 MPH)
|
|
Batting: RHB Salvador Avina
|
0-0: Ball 1-0: Ball 2-0: SINGLE (Line Drive, 8LS, EV 101.9 MPH)
|
|
Batting: SHB Victor Rijos
|
0-0: Ball 1-0: Foul Ball, location: 2F 1-1: Ground out 2-3 (Groundball, 2L, EV 67.5 MPH)
|
| Top of the 5th over - 0 runs, 1 hit, 0 errors, 1 left on base; Clinton 0 - Kannapolis 0 |
| BOTTOM OF THE 5TH |
|
Kannapolis Intimidators batting - Pitching for Clinton LumberKings : RHP Kevon Jamison
|
|
Batting: RHB Mark Jones
|
0-0: Ball 1-0: Ball 2-0: Called Strike 2-1: Fly out, F3 (Popup, 34S, EV 81.2 MPH)
|
|
Batting: RHB Danny Longoria
|
0-0: Ball 1-0: Called Strike 1-1: Foul Ball, location: 2F 1-2: Foul Ball, location: 2F 1-2: Ball 2-2: Foul Ball, location: 2F 2-2: Foul Ball, location: 2F 2-2: SINGLE (Groundball, 56S, EV 64.4 MPH) (infield hit)
|
|
Batting: RHB Ching-hsia Zhang
|
0-0: Foul Ball, location: 2F 0-1: Called Strike 0-2: Reached on error, E6 (Groundball, 6, EV 95.6 MPH) Danny Longoria to second
|
|
Batting: RHB Tyrell Camp
|
0-0: Grounds into double play, 4-6-3 (Groundball, 4, EV 106.9 MPH)
|
| Bottom of the 5th over - 0 runs, 1 hit, 1 error, 1 left on base; Clinton 0 - Kannapolis 0 |
| TOP OF THE 6TH |
|
Clinton LumberKings batting - Pitching for Kannapolis Intimidators : LHP Yasuaki Yamada
|
|
Batting: RHB Rick Ellis
|
0-0: Foul Ball, location: 2F 0-1: Ball 1-1: Called Strike 1-2: Strikes out swinging
|
|
Batting: SHB Jose Castillo
|
0-0: Ball 1-0: Ball 2-0: SINGLE (Groundball, 4M, EV 97.5 MPH) (infield hit)
|
|
Batting: LHB Jason Hopkins
|
0-0: Ball 1-0: Called Strike 1-1: Ball 2-1: Called Strike 2-2: Foul Ball, location: 2F 2-2: Foul Ball, location: 2F 2-2: Reached on error, E6 (Groundball, 6, EV 90.6 MPH) Jose Castillo to second
|
|
Batting: RHB Josh Ruhl
|
0-0: Ball 1-0: Ball Jose Castillo steals 3rd base Jason Hopkins to second 2-0: Foul Ball, location: 2F 2-1: Ground out 6-3 (Groundball, 6, EV 86.9 MPH)
|
|
Batting: RHB Joe Stading
|
0-0: Ball 1-0: Ball 2-0: Ball 3-0: Called Strike 3-1: Foul Ball, location: 2F 3-2: Ground out 4-3 (Groundball, 4M, EV 82.5 MPH)
|
| Top of the 6th over - 0 runs, 1 hit, 1 error, 2 left on base; Clinton 0 - Kannapolis 0 |
| BOTTOM OF THE 6TH |
|
Kannapolis Intimidators batting - Pitching for Clinton LumberKings : RHP Kevon Jamison
|
|
Batting: LHB Alberto Carrasco
|
0-0: Called Strike 0-1: Called Strike 0-2: Ball 1-2: Ball 2-2: Fly out, F4 (Flyball, 34D, EV 95.6 MPH)
|
|
Pitching: RHP Adam Fair
|
|
|
Batting: RHB Mike Warzecha
|
0-0: Ball 1-0: Foul Ball, location: 2F 1-1: Ball 2-1: SINGLE (Line Drive, 4M, EV 101.9 MPH)
|
|
Batting: LHB Dustin Taylor
|
0-0: Ball 1-0: Foul Ball, location: 2F 1-1: Foul Ball, location: 2F 1-2: Ball 2-2: Foul Ball, location: 2F 2-2: Fielders Choice at 2nd, 4-6 (Groundball, 4, EV 90.6 MPH)
|
|
Batting: LHB Angel Tellez
|
Pickoff Throw to First - Error! E1 Dustin Taylor to second 0-0: Called Strike 0-1: Ball 1-1: Ball 2-1: Ground out 5-3 (Groundball, 56, EV 86.2 MPH)
|
| Bottom of the 6th over - 0 runs, 1 hit, 1 error, 1 left on base; Clinton 0 - Kannapolis 0 |
| TOP OF THE 7TH |
|
Clinton LumberKings batting - Pitching for Kannapolis Intimidators : LHP Yasuaki Yamada
|
|
Pitching: LHP Donald Brannon
|
|
|
Batting: RHB Josh O'Neal
|
0-0: Foul Ball, location: 2F 0-1: Foul Ball, location: 2F 0-2: Ball 1-2: Ball 2-2: Foul Ball, location: 2F 2-2: Foul Ball, location: 2F 2-2: Ground out 5-3 (Groundball, 5L, EV 82.5 MPH)
|
|
Batting: RHB Josh Mauer
|
0-0: Ball 1-0: Swinging Strike 1-1: Ball 2-1: Foul Ball, location: 2F 2-2: Ball 3-2: Foul Ball, location: 2F 3-2: Foul Ball, location: 2F 3-2: Foul Ball, location: 2F 3-2: Base on Balls
|
|
Batting: RHB Salvador Avina
|
0-0: Ball Josh Mauer steals 2nd, throwing error, E2 Josh Mauer to third 1-0: Ball 2-0: Called Strike 2-1: Bunted foul 2-2: Strikes out swinging
|
|
Batting: SHB Victor Rijos
|
0-0: Foul Ball, location: 2F 0-1: Ball 1-1: Ball 2-1: Ball 3-1: Base on Balls
|
|
Batting: RHB Rick Ellis
|
0-0: Ball 1-0: Ball 2-0: Called Strike 2-1: Ball 3-1: Base on Balls Victor Rijos to second
|
|
Batting: SHB Jose Castillo
|
0-0: Ball Wild Pitch! Josh Mauer scores Victor Rijos to third Rick Ellis to second 1-0: Ball 2-0: Called Strike 2-1: Swinging Strike 2-2: Foul Ball, location: 2F 2-2: Ball 3-2: Strikes out looking
|
| Top of the 7th over - 1 run, 0 hits, 1 error, 2 left on base; Clinton 1 - Kannapolis 0 |
| BOTTOM OF THE 7TH |
|
Kannapolis Intimidators batting - Pitching for Clinton LumberKings : RHP Adam Fair
|
|
Batting: RHB Jose Medina
|
0-0: Called Strike 0-1: Swinging Strike 0-2: Ball 1-2: Foul Ball, location: 2F 1-2: Ball 2-2: Strikes out swinging
|
|
Batting: RHB Mark Jones
|
0-0: Called Strike 0-1: Ball 1-1: DOUBLE (Line Drive, 89D, EV 113.8 MPH) - OUT at third base trying to stretch hit.
|
|
Batting: RHB Danny Longoria
|
0-0: Ball 1-0: Fly out, F7 (Flyball, 7S, EV 81.2 MPH)
|
| Bottom of the 7th over - 0 runs, 1 hit, 0 errors, 0 left on base; Clinton 1 - Kannapolis 0 |
| TOP OF THE 8TH |
|
Clinton LumberKings batting - Pitching for Kannapolis Intimidators : LHP Donald Brannon
|
|
Pitching: RHP Juan Estrada
|
|
|
Batting: LHB Jason Hopkins
|
0-0: Ball 1-0: Ball 2-0: Ball 3-0: Base on Balls
|
|
Batting: RHB Josh Ruhl
|
0-0: Ball 1-0: Foul Ball, location: 2F 1-1: Called Strike 1-2: Strikes out swinging
|
|
Batting: RHB Joe Stading
|
0-0: Ball 1-0: Ball 2-0: Swinging Strike 2-1: Ball 3-1: Foul Ball, location: 2F 3-2: Strikes out swinging
|
|
Batting: RHB Josh O'Neal
|
0-0: SINGLE (Flyball, 6D, EV 98.1 MPH) Jason Hopkins to second
|
|
Batting: RHB Josh Mauer
|
0-0: Ball 1-0: Foul Ball, location: 2F 1-1: Fielders Choice at 2nd, 6-4 (Groundball, 6, EV 90.6 MPH)
|
| Top of the 8th over - 0 runs, 1 hit, 0 errors, 2 left on base; Clinton 1 - Kannapolis 0 |
| BOTTOM OF THE 8TH |
|
Kannapolis Intimidators batting - Pitching for Clinton LumberKings : RHP Adam Fair
|
|
Batting: RHB Ching-hsia Zhang
|
0-0: Ball 1-0: Ball 2-0: Called Strike 2-1: Foul Ball, location: 2F 2-2: Foul Ball, location: 2F 2-2: Ball 3-2: Ground out 1-3 (Groundball, 34S, EV 70.6 MPH)
|
|
Pinch Hitting: LHB Victor Lema
|
0-0: Ball 1-0: Swinging Strike 1-1: Swinging Strike 1-2: Ball 2-2: SINGLE (Flyball, 78D, EV 90.0 MPH)
|
|
Batting: LHB Alberto Carrasco
|
0-0: Ball 1-0: Swinging Strike 1-1: Ball 2-1: Foul Ball, location: 2F 2-2: Foul Ball, location: 2F 2-2: Fielders Choice at 2nd, 6-4 (Groundball, 6D, EV 107.5 MPH)
|
|
Pitching: RHP Mike Bator
|
|
|
Batting: RHB Mike Warzecha
|
0-0: Ground out 6-3 (Groundball, 15, EV 83.8 MPH)
|
| Bottom of the 8th over - 0 runs, 1 hit, 0 errors, 1 left on base; Clinton 1 - Kannapolis 0 |
| TOP OF THE 9TH |
|
Clinton LumberKings batting - Pitching for Kannapolis Intimidators : RHP Juan Estrada
|
|
Now at 1B: Benny O'Connor
|
|
|
Batting: RHB Salvador Avina
|
0-0: Ball 1-0: Foul Ball, location: 2F 1-1: Ground out 4-3 (Groundball, 4, EV 86.9 MPH)
|
|
Batting: SHB Victor Rijos
|
0-0: Called Strike 0-1: Called Strike 0-2: Ball 1-2: Foul Ball, location: 2F 1-2: Strikes out swinging
|
|
Batting: RHB Rick Ellis
|
0-0: Called Strike 0-1: SINGLE (Groundball, 5L, EV 89.4 MPH) (infield hit)
|
|
Batting: SHB Jose Castillo
|
0-0: Called Strike 0-1: Ball 1-1: Ball Rick Ellis steals 2nd base 2-1: Swinging Strike 2-2: SINGLE (Groundball, 34D, EV 100.0 MPH) (infield hit) Rick Ellis to third
|
|
Pitching: LHP Nick Egner
|
|
|
Batting: LHB Jason Hopkins
|
0-0: Ball 1-0: Called Strike 1-1: Called Strike 1-2: Foul Ball, location: 2F 1-2: Foul Ball, location: 2F 1-2: Strikes out swinging
|
| Top of the 9th over - 0 runs, 2 hits, 0 errors, 2 left on base; Clinton 1 - Kannapolis 0 |
| BOTTOM OF THE 9TH |
|
Kannapolis Intimidators batting - Pitching for Clinton LumberKings : RHP Mike Bator
|
|
Batting: LHB Dustin Taylor
|
0-0: Called Strike 0-1: Foul Ball, location: 2F 0-2: SOLO HOME RUN (Flyball, 89XD, EV 105.0 MPH), Distance : 419 ft
|
|
Batting: LHB Angel Tellez
|
0-0: Ball 1-0: SINGLE (Line Drive, 56D, EV 98.1 MPH)
|
|
Pinch Hitting: LHB Joe Kirkland
|
0-0: Foul Ball, location: 2F 0-1: Swinging Strike 0-2: Ball 1-2: Ball 2-2: Foul Ball, location: 2F 2-2: Foul Ball, location: 2F 2-2: Strikes out swinging
|
|
Batting: RHB Mark Jones
|
0-0: Foul Ball, location: 2F 0-1: Ball 1-1: Foul Ball, location: 2F 1-2: Ball 2-2: Foul Ball, location: 2F 2-2: Grounds into double play, 6-4-3 (Groundball, 6, EV 88.8 MPH)
|
| Bottom of the 9th over - 1 run, 2 hits, 0 errors, 0 left on base; Clinton 1 - Kannapolis 1 |
| TOP OF THE 10TH |
|
Clinton LumberKings batting - Pitching for Kannapolis Intimidators : LHP Nick Egner
|
|
Pitching: RHP Tony Arriaga
|
|
|
Now at C: Preston Knaak
|
|
|
Batting: RHB Josh Ruhl
|
0-0: Ball 1-0: Ball 2-0: SOLO HOME RUN (Flyball, 7LD, EV 90.6 MPH), Distance : 334 ft
|
|
Batting: RHB Joe Stading
|
0-0: Ball 1-0: Foul Ball, location: 2F 1-1: Foul Ball, location: 2F 1-2: Strikes out swinging
|
|
Batting: RHB Josh O'Neal
|
0-0: SINGLE (Line Drive, 8RS, EV 102.5 MPH)
|
|
Batting: RHB Josh Mauer
|
0-0: Foul Ball, location: 2F 0-1: Swinging Strike 0-2: Grounds into double play, 5-4-3 (Groundball, 15, EV 85.0 MPH)
|
| Top of the 10th over - 1 run, 2 hits, 0 errors, 0 left on base; Clinton 2 - Kannapolis 1 |
| BOTTOM OF THE 10TH |
|
Kannapolis Intimidators batting - Pitching for Clinton LumberKings : RHP Mike Bator
|
|
Pitching: LHP Rentaro Minami
|
|
|
Batting: RHB Danny Longoria
|
0-0: Ball 1-0: Foul Ball, location: 2F 1-1: Foul Ball, location: 2F 1-2: Ball 2-2: Ball 3-2: Strikes out swinging
|
|
Batting: RHB Ching-hsia Zhang
|
0-0: Ball 1-0: SINGLE (Line Drive, 6MD, EV 100.6 MPH)
|
|
Batting: RHB Benny O'Connor
|
0-0: Grounds into double play, 4-6-3 (Groundball, 34, EV 81.9 MPH)
|
| Bottom of the 10th over - 0 runs, 1 hit, 0 errors, 0 left on base; Clinton 2 - Kannapolis 1 |
|